[Event "Vaujany Principal"]
[Site "Vaujany"]
[Date "2012.07.20"]
[Round "9.34"]
[White "Dubois, Hervé"]
[Black "Michel, Stephan"]
[Result "1-0"]
[ECO "A10"]
[WhiteElo "1854"]
[BlackElo "1989"]
[Annotator "Jean-pierre,LEES"]
[PlyCount "93"]
[SourceDate "2012.07.12"]
[WhiteTeamCountry "IND"]
[BlackTeamCountry "URS"]
[TimeControl "240+2"]

{1024MB, Fritz8.ctg
} 1. c4 g6 2. g3 Bg7 3. Bg2 d6 4. Nf3 e5 5. d4 Nc6 6. dxe5
dxe5 7. O-O Be6 8. Qa4 h6 9. Nc3 Nge7 10. Rd1 Qc8 11. Nd5 O-O 12. e4 f5 13. Qa3
Rf7 14. Be3 fxe4 15. Nxe7+ Nxe7 16. Nd2 Bg4 17. Re1 Bf3 18. Bc5 Bxg2 19. Kxg2
Qf5 20. Qe3 Nc6 21. Qxe4 Rd8 22. Nb3 Qxe4+ 23. Rxe4 b6 24. Ba3 Nd4 25. Rc1 Nxb3
26. axb3 Rd2 27. Rf1 c5 28. b4 cxb4 29. Bxb4 Rxb2 30. Bd6 Rc2 31. Kg1 Rd7 32.
Bb8 Rd4 33. Ree1 Rdxc4 34. Bxa7 b5 35. Rb1 b4 36. Be3 e4 37. Rfd1 Rb2 38. Rd8+
Kf7 39. Rbd1 Rc7 $2 (39... Be5 $142) 40. R1d7+ Rxd7 41. Rxd7+ Kg8 42. Rxg7+
Kxg7 43. Bd4+ Kf7 44. Bxb2 Ke6 45. Kf1 Kf5 46. Ke2 g5 47. h3 1-0